 Dungeon Crawl Stone Soup version 0.25.0 (webtiles) character file.

Game seed: 14702644387957748272

90944 nikku the Eclecticist (level 15, -9/94 HPs)
             Began as a Deep Elf Conjurer on June 12, 2020.
             Was a High Priest of Vehumet.
             Mangled by an emperor scorpion (21 damage)
             ... on level 15 of the Dungeon.
             The game lasted 04:33:24 (37069 turns).

nikku the Eclecticist (Deep Elf Conjurer)          Turns: 37069, Time: 04:33:24

Health: -9/94      AC: 11    Str:  5    XL:     15   Next: 53%
Magic:  9/57       EV: 16    Int: 27    God:    Vehumet [*****.]
Gold:   1235       SH: 11    Dex: 15    Spells: 5/51 levels left

rFire    . . .     SeeInvis +   J - +4 war axe (vamp)
rCold    . . .     Gourm    .   e - +2 kite shield {AC+3}
rNeg     . . .     Faith    .   T - +1 leather armour "Forget-Me-Not" {MP+9 SInv}
rPois    .         Spirit   .   E - +1 helmet
rElec    .         Reflect  .   l - +0 cloak of Rapici {MR+ Regen+}
rCorr    .         Harm     .   (no gloves)
MR       ++...                  i - +1 pair of boots
Stlth    ++++......             K - amulet of the acrobat
HPRegen  0.65/turn              d - ring of magical power
MPRegen  0.35/turn              S - ring of wizardry

@: lethally poisoned (-9 -> -23), studying 2 skills
A: deformed body
a: Renounce Religion


You were on level 15 of the Dungeon.
You worshipped Vehumet.
Vehumet was extremely pleased with you.
You were hungry.

You visited 4 branches of the dungeon, and saw 24 of its levels.
You also visited: Sewer, Ossuary and Bailey.

You collected 2520 gold pieces.
You spent 1285 gold pieces at shops.

Inventory:

Hand Weapons
 t - the +6 hunting sling of Action {vorpal, rN+ Int-5 Stlth+, unknown}
   (You found it on level 15 of the Dungeon)

   Any stone fired from it inflicts extra damage.
   It affects your intelligence (-5).
   It protects you from negative energy.
   It makes you more stealthy.
 J - a +4 vampiric war axe (weapon)
Missiles
 O - 27 javelins
 R - 4 curare-tipped darts (quivered)
Armour
 e - a +2 kite shield of protection (worn)
 i - a +1 pair of boots (worn)
 l - the +0 cloak of Rapici (worn) {MR+ Regen+}
   (You bought it in a shop on level 2 of the Orcish Mines)

   It affects your resistance to hostile enchantments.
   It increases your rate of regeneration.
 u - +0 swamp dragon scales
 y - +0 steam dragon scales
 E - a +1 helmet (worn)
 T - the +1 leather armour "Forget-Me-Not" (worn) {MP+9 SInv}
   (You found it on level 5 of the Lair of Beasts)

   It affects your magic capacity (+9).
   It lets you see invisible.
Jewellery
 d - a ring of magical power (left hand)
 K - an amulet of the acrobat (around neck)
 M - an uncursed ring of see invisible
 S - a ring of wizardry (right hand)
 X - an uncursed ring of positive energy
Wands
 h - a wand of acid (3)
 n - a wand of iceblast (26)
 w - a wand of disintegration (26)
 B - a wand of digging (6)
 G - a wand of polymorph (8)
 N - a wand of flame (6)
Scrolls
 b - 6 scrolls of remove curse
 j - 7 scrolls of magic mapping
 k - 3 scrolls of fear
 r - a scroll of identify
 z - a scroll of enchant armour
 A - 2 scrolls of blinking
 H - a scroll of teleportation
 U - 4 scrolls of brand weapon
Potions
 f - 3 potions of haste
 g - 8 potions of curing
 m - 6 potions of might
 q - 8 potions of heal wounds
 s - 2 potions of cancellation
 D - a potion of mutation
 Q - a potion of resistance
 V - 2 potions of brilliance
Books
 a - a manual of
Armour
 W - a manual of Fighting
Miscellaneous
 p - a phantom mirror
 F - a lightning rod (4/4)
 P - a phial of floods
Comestibles
 c - 30 rations


   Skills:
 + Level 11.0 Fighting
 + Level 5.0 Armour
 - Level 10.3 Dodging
 - Level 10.0 Stealth
 * Level 7.1 Shields
 + Level 18.9 Spellcasting
 + Level 9.3 Conjurations
 - Level 10.9 Hexes
 - Level 4.0 Fire Magic
 + Level 6.4 Earth Magic
 - Level 6.9 Evocations


You had 5 spell levels left.
You knew the following spells:

 Your Spells              Type           Power        Failure   Level  Hunger
a - Magic Dart            Conj           ####         1%          1    None
b - Fireball              Conj/Fire      ######....   1%          5    None
c - Iron Shot             Conj/Erth      ######....   5%          6    ##.....
d - Searing Ray           Conj           ######       1%          2    None
e - Iskenderun's Mystic   Conj/Tloc      ######..     1%          4    None
f - Inner Flame           Hex/Fire       ######..     1%          3    None
g - Cause Fear            Hex            ######....   1%          4    None
h - Dazzling Flash        Conj/Hex       ######       1%          3    None
i - Invisibility          Hex            ######..     5%          6    ##.....
j - Fulminant Prism       Conj/Hex       ######....   1%          4    None
k - Tukima's Dance        Hex            ######..     1%          3    None
m - Lee's Rapid Deconstr  Erth           ######....   1%          5    None

Your spell library contained the following spells:

 Spells                   Type           Power        Failure   Level  Hunger
 Chain Lightning          Conj/Air       ######....   99%         8    ######.
 Corona                   Hex            ######.      1%          1    None
 Conjure Flame            Conj/Fire      ######..     1%          3    None
 Mephitic Cloud           Conj/Pois/Air  #####...     1%          3    None
 Hailstorm                Conj/Ice       ######..     1%          4    None
 Frozen Ramparts          Ice            ####..       2%          3    None
 Yara's Violent Unravell  Hex/Tmut       ######....   2%          5    None
 Animate Skeleton         Necr           N/A          3%          1    None
 Apportation              Tloc           ####..       3%          1    None
 Beastly Appendage        Tmut           ####..       3%          1    None
 Pain                     Necr           ####         3%          1    None
 Summon Butterflies       Summ           ####....     3%          1    None
 Summon Small Mammal      Summ           ####         3%          1    None
 Irradiate                Conj/Tmut      ######....   3%          5    None
 Corpse Rot               Necr/Air       N/A          4%          2    None
 Poisonous Vapours        Pois/Air       ####..       4%          2    None
 Sticks to Snakes         Tmut           ####....     4%          2    None
 Lesser Beckoning         Tloc           ####......   9%          3    None
 Spider Form              Tmut/Pois      ####......   9%          3    None
 Silence                  Hex/Air        ######....   9%          5    None
 Animate Dead             Necr           N/A          28%         4    None
 Ice Form                 Ice/Tmut       ####....     28%         4    None
 Alistair's Intoxication  Tmut/Pois      ####....     61%         5    None
 Blade Hands              Tmut           ####......   61%         5    None
 Freezing Cloud           Conj/Ice/Air   #####.....   30%         6    ##.....
 Statue Form              Tmut/Erth      #####....    73%         6    ##.....
 Discord                  Hex            ######....   89%         8    ######.
 Death Channel            Necr           ####......   98%         6    ##.....
 Hydra Form               Tmut           ####......   98%         6    ##.....
 Dragon Form              Tmut           ####......   100%        7    ####...
 Ring of Flames           Chrm/Fire      #####.....   100%        7    ####...


Dungeon Overview and Level Annotations

Branches:
Dungeon (15/15)            Temple (1/1) D:4            Lair (6/6) D:11
  Swamp (0/4) Lair:2        Snake (0/4) Lair:4        Slime (0/5) Lair:5
    Orc (2/2) D:11            Elf (0/3) Orc:2        Vaults (0/5) D:13
  Sewer (visited)         Ossuary (visited)          Bailey (visited)
 Depths: D:15

Altars:
Ashenzari
Cheibriados
Dithmenos
Elyvilon
Fedhas
Gozag
Hepliaklqana
Kikubaaqudgha
Makhleb
Nemelex Xobeh
Okawaru
Qazlal
Ru
Sif Muna
Trog
Uskayaw
Vehumet
Wu Jian
Xom
Yredelemnul
Zin
The Shining One
Beogh
Jiyva

Shops:
D:4 }   D:8 =   D:11 }   D:14 [   Orc:2 [:([(

Annotations:
D:5 2 runed translucent doors, diana's ghost, novice DsFi
D:6 1 runed translucent door, exclusion: door, Crazy Yiuf
D:8 Erica; Gastronok
D:9 exclusion: ice statue
D:15 Agnes; Roxanne; Rupert
Lair:1 1 runed translucent door, exclusion: oklob plant, grindst0ne's ghost, journeyman GnSk
Lair:6 exclusion: 2 oklob plants


Innate Abilities, Weirdness & Mutations

Armour fits poorly on your strangely shaped body.


Message History

You feel very sick. The emperor scorpion barely misses you.
The emperor scorpion misses you. The emperor scorpion claws you.
Casting: Iskenderun's Mystic Blast (mildly dangerous; 1% risk of failure)
Confirm with . or Enter, or press ? or * to list all spells.
You erupt in a blast of force!
The mystic blast misses the emperor scorpion.
You feel sick. The emperor scorpion stings you!
* * * LOW HITPOINT WARNING * * *
You block the emperor scorpion's attack. x2
Casting: Iskenderun's Mystic Blast (mildly dangerous; 1% risk of failure)
Confirm with . or Enter, or press ? or * to list all spells.
You erupt in a blast of force!
The mystic blast hits the emperor scorpion.
The emperor scorpion is almost dead.
* * * LOW HITPOINT WARNING * * *
You feel very sick.
A slime creature comes into view.
The emperor scorpion stings you!!
You die...

....####....#......#...##..
............#...............
............................
........##.##..............#
...........#.................
.............(.)....#........
..........#........####.....#
.....D....#.J..[[..##.....##
....#.......##.s@..#...8.##
#####...<...###..[.(.#...## #
#.........##.[..####...## #
##........#....###......##
#..................#....#
####.............###..##..## .#
##.#..............##....#..#....
^.................#............#
##...............P...............


You could see an emperor scorpion and a slime creature (wandering).

Vanquished Creatures
  2 orc warlords (Orc:2)
  An ironheart preserver (D:13)
  Josephine (D:14)
  7 hydras
  Erolcha (Orc:2)
  A merfolk avatar (Lair:6)
  7 centaur warriors
  A death knight (D:13)
  3 two-headed ogres
  3 death yaks
  Urug (Lair:3)
  4 orc high priests (Orc:2)
  5 skeletal warriors (D:12)
  2 unseen horrors
  Pikel (D:8)
  An orc knight (Orc:2)
  6 ugly things
  3 manticores
  3 slime creatures (D:13)
  3 deep elf magi
  5 orc sorcerers (Orc:2)
  3 cyclopes
  An elephant (shapeshifter) (D:13)
  5 black mambas
  9 elephants
  7 orange demons (D:11)
  A rime drake (Lair:6)
  12 spiny frogs
  2 gargoyles
  14 komodo dragons
  2 efreet
  2 red devils (D:11)
  5 trolls
  7 polar bears
  3 meliai (D:14)
  3 hornets
  8 blink frogs (Lair:2)
  A bog body (Lair:2)
  7 hippogriffs
  A spriggan (Lair:3)
  A shadow (D:15)
  6 wraiths
  3 basilisks
  4 hogs (D:9)
  6 wyverns
  33 yaks
  2 water elementals (D:15)
  A human (D:9)
  2 vampire mosquitoes (D:15)
  2 hungry ghosts
  3 nagas (Lair:4)
  2 wargs (Orc:2)
  A warg (shapeshifter) (D:15)
  2 acid dragons
  9 water moccasins
  9 porcupines
  5 ice beasts
  A black bear (D:11)
  2 sky beasts
  46 orc warriors
  An eye of draining (D:11)
  13 ogres
  4 necrophages
  34 wolves
  5 phantoms
  15 crocodiles
  31 centaurs
  4 big kobolds
  12 bullfrogs
  A wyvern skeleton (D:11)
  4 scorpions
  6 killer bees
  10 wights (D:11)
  3 howler monkeys
  9 crimson imps
  6 centaur zombies
  10 hounds
  A quasit (D:15)
  19 orc priests
  2 gnoll shamans (D:8)
  A jelly (D:11)
  32 orc wizards
  3 bullfrog skeletons
  5 centaur skeletons
  5 iguanas
  11 worker ants
  8 mummies (Ossuary)
  2 worker ant zombies
  A howler monkey zombie (D:7)
  14 gnolls
  A howler monkey skeleton (D:4)
  19 adders
  8 river rats
  6 shadow imps
  An ooze (Sewer)
  2 adder zombies (D:9)
  6 worms
  2 adder skeletons
  A dart slug (D:5)
  5 leopard geckos
  146 orcs
  8 ball pythons
  5 giant cockroaches
  A gnoll zombie (Ossuary)
  4 goblins
  9 hobgoblins
  24 jackals
  37 kobolds
  6 quokkas
  A ball python skeleton (D:5)
  3 bats
  6 frilled lizards
  2 hobgoblin zombies (Ossuary)
  2 jackal skeletons
  4 kobold zombies (Ossuary)
  2 leopard gecko skeletons
  A leopard gecko zombie (D:5)
  An orc zombie (Ossuary)
  24 rats
  5 fungi
  2 plants
910 creatures vanquished.

Vanquished Creatures (others)
  Joseph (D:8)
  A dancing weapon (Lair:3)
  A sky beast (D:13)
  2 slaves (D:8)
  A hound (D:8)
  An orc wizard (Orc:2)
  A hound skeleton (D:8)
  2 jackals (D:8)
  A bush (Lair:6)
  3 fulminant prisms
  28 fungi
  28 plants
70 creatures vanquished.

Grand Total: 980 creatures vanquished

Notes
Turn   | Place    | Note
-------+----------+-------------------------------------------
     0 | D:1      | nikku the Deep Elf Conjurer began the quest for the Orb.
     0 | D:1      | Reached XP level 1. HP: 10/10 MP: 6/6
   708 | D:1      | Reached XP level 2. HP: 15/15 MP: 5/8
  1411 | D:2      | Found a shimmering altar of Xom.
  1411 | D:2      | Found a shimmering altar of Xom.
  1419 | D:2      | Reached XP level 3. HP: 20/20 MP: 10/10
  1444 | D:2      | Reached skill level 4 in Spellcasting
  1448 | D:2      | Learned a level 2 spell: Searing Ray
  1859 | D:2      | Reached skill level 1 in Fighting
  1859 | D:2      | Reached XP level 4. HP: 25/25 MP: 12/12
  2596 | D:3      | Reached skill level 5 in Spellcasting
  2596 | D:3      | Reached XP level 5. HP: 29/29 MP: 14/14
  2602 | D:3      | Reached skill level 5 in Conjurations
  2869 | D:3      | Found a white marble altar of Elyvilon.
  3343 | D:4      | Found Atiovig's Gadget Shop.
  3479 | D:4      | Found a glowing drain.
  3487 | Sewer    | Entered a sewer
  3548 | Sewer    | Reached XP level 6. HP: 35/35 MP: 16/16
  4873 | D:4      | Reached skill level 6 in Spellcasting
  5187 | D:4      | Found a glowing silver altar of Zin.
  5585 | D:4      | Reached XP level 7. HP: 40/40 MP: 18/18
  5827 | D:4      | Found a staircase to the Ecumenical Temple.
  5873 | Temple   | Entered the Ecumenical Temple
  6072 | Temple   | Became a worshipper of Vehumet
  6123 | D:5      | Entered Level 5 of the Dungeon
  6213 | D:5      | Learned a level 4 spell: Fulminant Prism
  6372 | D:5      | Reached skill level 5 in Stealth
  6372 | D:5      | Reached skill level 7 in Spellcasting
  6567 | D:5      | Found a runed translucent door.
  6567 | D:5      | Noticed diana's ghost (novice DsFi)
  6797 | D:5      | Found a runed translucent door.
  6828 | D:5      | Reached skill level 5 in Dodging
  6943 | D:5      | Found an ancient bone altar of Kikubaaqudgha.
  7007 | D:5      | Reached XP level 8. HP: 36/46 MP: 21/21
  7194 | D:5      | Reached * piety under Vehumet
  7194 | D:5      | Offered knowledge of Sandblast by Vehumet.
  7240 | D:5      | Reached skill level 8 in Spellcasting
  7613 | D:5      | Learned a level 4 spell: Fulminant Prism
  7872 | D:6      | Found a sand-covered staircase.
  7878 | Ossuary  | Entered an ossuary
  8485 | D:6      | Reached ** piety under Vehumet
  8494 | D:6      | Offered knowledge of Freeze by Vehumet.
  8494 | D:6      | Reached skill level 9 in Spellcasting
  8684 | D:6      | Learned a level 3 spell: Dazzling Flash
  8867 | D:6      | Found a runed translucent door.
  8868 | D:6      | Noticed Crazy Yiuf
  8933 | D:6      | Noticed a deep elf mage
  8938 | D:6      | Killed a deep elf mage
  8938 | D:6      | Reached skill level 1 in Hexes
  8938 | D:6      | Reached XP level 9. HP: 52/52 MP: 24/24
  9087 | D:7      | Found a bloodstained altar of Trog.
  9109 | D:7      | Found a hazy altar of Hepliaklqana.
  9111 | D:7      | Found a hide-covered altar of Uskayaw.
  9303 | D:7      | Reached skill level 10 in Spellcasting
  9830 | D:7      | Offered knowledge of Ignite Poison by Vehumet.
 10058 | D:7      | Reached skill level 11 in Spellcasting
 10151 | D:7      | Reached *** piety under Vehumet
 10502 | D:7      | Found a blossoming altar of Fedhas.
 10997 | D:8      | Noticed Joseph
 10999 | D:8      | Noticed Pikel
 11032 | D:8      | Found Evepos's Jewellery Shop.
 11044 | D:8      | Noticed Gastronok
 11097 | D:8      | Found a stormy altar of Qazlal.
 11167 | D:8      | Learned a level 4 spell: Iskenderun's Mystic Blast
 11171 | D:8      | Learned a level 3 spell: Tukima's Dance
 11176 | D:8      | Learned a level 4 spell: Cause Fear
 11373 | D:8      | Killed Pikel
 11373 | D:8      | Reached XP level 10. HP: 52/58 MP: 18/27
 11444 | D:8      | Killed Joseph
 11444 | D:8      | Reached skill level 5 in Fighting
 11864 | D:8      | Offered knowledge of Inner Flame by Vehumet.
 11869 | D:8      | Learned a level 3 spell: Inner Flame
 12090 | D:8      | Noticed Erica
 12721 | D:9      | Reached skill level 12 in Spellcasting
 13019 | D:9      | Noticed an ice statue
 13057 | D:9      | Found a shattered altar of Ashenzari.
 13097 | D:9      | Reached **** piety under Vehumet
 13118 | D:9      | Reached skill level 5 in Hexes
 13295 | D:9      | Paralysed by a hornet for 2 turns
 13630 | D:9      | Offered knowledge of Irradiate by Vehumet.
 13662 | D:9      | Learned a level 6 spell: Invisibility
 14074 | D:10     | Entered Level 10 of the Dungeon
 14414 | D:10     | Reached XP level 11. HP: 56/64 MP: 29/29
 14763 | D:10     | Reached skill level 13 in Spellcasting
 15591 | D:11     | Found a frozen archway.
 15810 | D:11     | Noticed a white ugly thing
 15821 | D:11     | Killed a white ugly thing
 15821 | D:11     | Reached skill level 1 in Evocations
 16214 | D:11     | Reached ***** piety under Vehumet
 16400 | D:11     | Offered knowledge of Fireball by Vehumet.
 16562 | D:11     | Found Winley's Gadget Shop.
 16579 | D:11     | Learned a level 5 spell: Fireball
 16844 | D:11     | Found a staircase to the Orcish Mines.
 16858 | D:11     | Found a staircase to the Lair.
 16864 | D:11     | Reached skill level 1 in Fire Magic
 16917 | D:11     | Killed an unseen horror
 16922 | Lair:1   | Entered Level 1 of the Lair of Beasts
 17297 | Lair:1   | Reached skill level 14 in Spellcasting
 17648 | Lair:1   | Noticed an oklob plant
 17759 | Lair:1   | Noticed grindst0ne's ghost (journeyman GnSk)
 17770 | Lair:1   | Found a runed translucent door.
 18372 | Lair:2   | Reached XP level 12. HP: 71/71 MP: 32/32
 18448 | Lair:2   | Reached skill level 10 in Dodging
 18661 | Lair:2   | Offered knowledge of Airstrike by Vehumet.
 18744 | Lair:2   | Noticed a death yak
 18926 | Lair:2   | Noticed an eight-headed hydra
 18966 | Lair:2   | Killed an eight-headed hydra
 18966 | Lair:2   | Reached skill level 15 in Spellcasting
 19187 | Lair:2   | Found a staircase to the Swamp.
 19490 | Lair:2   | Noticed a death yak
 19492 | Lair:2   | Noticed a death yak
 19512 | Lair:2   | Killed a death yak
 19591 | Lair:1   | Killed a death yak
 19764 | Lair:3   | Noticed Urug
 19983 | Lair:3   | Reached skill level 1 in Armour
 20661 | Lair:3   | Reached skill level 16 in Spellcasting
 20902 | Lair:3   | Reached skill level 5 in Evocations
 21232 | Lair:3   | Killed Urug
 21232 | Lair:3   | Reached XP level 13. HP: 78/78 MP: 16/35
 22253 | Lair:4   | Found a staircase to the Snake Pit.
 22666 | Lair:4   | You fall into a shaft and drop 1 floor!
 23171 | Lair:5   | Got a bloodstained leather armour
 23187 | Lair:5   | Identified the +1 leather armour "Forget-Me-Not" {MP+9
                  | SInv} (You found it on level 5 of the Lair of Beasts)
 23375 | Lair:5   | Offered knowledge of Bolt of Magma by Vehumet.
 23382 | Lair:5   | Learned a level 5 spell: Bolt of Magma
 23526 | Lair:5   | Found a viscous altar of Jiyva.
 23527 | Lair:5   | Found a staircase to the Slime Pits.
 23908 | Lair:6   | Entered Level 6 of the Lair of Beasts
 23957 | Lair:6   | Reached skill level 10 in Hexes
 23964 | Lair:6   | Reached skill level 17 in Spellcasting
 24908 | Lair:6   | Reached skill level 1 in Earth Magic
 24910 | Lair:6   | Noticed a dire elephant
 25194 | Lair:6   | Reached skill level 1 in Shields
 26479 | D:11     | Reached XP level 14. HP: 84/84 MP: 37/37
 26716 | D:11     | Offered knowledge of Iron Shot by Vehumet.
 26742 | D:11     | Learned a level 6 spell: Iron Shot
 27284 | D:12     | Reached skill level 18 in Spellcasting
 27382 | D:12     | Identified the Reference Book on the Twisted Snowflakes
 29128 | D:13     | Noticed an ironheart preserver
 29840 | Orc:1    | Entered Level 1 of the Orcish Mines
 30096 | Orc:1    | Found a flagged portal.
 30105 | Bailey   | Entered a bailey
 30117 | Bailey   | Reached skill level 5 in Shields
 30503 | Bailey   | Offered knowledge of Conjure Ball Lightning by Vehumet.
 31300 | Orc:2    | Entered Level 2 of the Orcish Mines
 31312 | Orc:2    | Noticed Erolcha
 31324 | Orc:2    | Killed Erolcha
 31515 | Orc:2    | Found a staircase to the Elven Halls.
 31550 | Orc:2    | Reached skill level 10 in Fighting
 31613 | Orc:2    | Reached skill level 10 in Stealth
 31876 | Orc:2    | Found a roughly hewn altar of Beogh.
 31877 | Orc:2    | Found Otty's Armour Shoppe.
 32000 | Orc:2    | Found a roughly hewn altar of Beogh.
 32098 | Orc:2    | Noticed an orc warlord
 32372 | Orc:2    | Found a roughly hewn altar of Beogh.
 32555 | Orc:2    | Noticed an orc warlord
 32564 | Orc:2    | Killed an orc warlord
 32564 | Orc:2    | Reached skill level 5 in Earth Magic
 33092 | Orc:2    | Killed an orc warlord
 33092 | Orc:2    | Reached XP level 15. HP: 69/92 MP: 6/39
 33099 | Orc:2    | Upgraded the game from 0.25-b1-50-g7b83aa72e5 to 0.25.0
 33239 | Orc:2    | Found Askiole's Antique Weapon Shop.
 33313 | Orc:2    | Found Bala's Antique Armour Boutique.
 33314 | Orc:2    | Found a roughly hewn altar of Beogh.
 33341 | Orc:2    | Bought an ichor-stained cloak for 304 gold pieces
 33351 | Orc:2    | Identified the +0 cloak of Rapici {MR+ Regen+} (You bought
                  | it in a shop on level 2 of the Orcish Mines)
 33448 | Orc:2    | Found Mazavomo's Antique Weapon Shoppe.
 33456 | Orc:2    | Bought a brightly glowing short sword for 216 gold pieces
 33456 | Orc:2    | Identified the cursed +0 short sword "Nuisoh" {vorpal,
                  | *Contam rPois Int+8 Stlth-} (You bought it in a shop on
                  | level 2 of the Orcish Mines)
 33485 | Orc:2    | Gained mutation: Armour fits poorly on your strangely
                  | shaped body. [mutagenic glow]
 33582 | Orc:2    | Found a roughly hewn altar of Beogh.
 33677 | Orc:2    | Found a roughly hewn altar of Beogh.
 33753 | Orc:2    | Found Haeva's Book Boutique.
 33758 | Orc:2    | Bought a book of Clouds for 765 gold pieces
 33972 | D:13     | Offered knowledge of Lee's Rapid Deconstruction by Vehumet.
 33987 | D:13     | Learned a level 5 spell: Lee's Rapid Deconstruction
 34430 | D:13     | Found a gate to the Vaults.
 35196 | D:14     | Noticed Josephine
 35204 | D:14     | Killed Josephine
 35929 | D:14     | Found Ruipakh's Armour Shoppe.
 35978 | D:15     | Entered Level 15 of the Dungeon
 36338 | D:15     | Offered knowledge of Chain Lightning by Vehumet.
 36379 | D:15     | Noticed Roxanne
 36609 | D:15     | Noticed Rupert
 36811 | D:15     | Reached skill level 5 in Armour
 36857 | D:15     | Got a warped hunting sling
 36873 | D:15     | Noticed Agnes
 37069 | D:15     | Mangled by an emperor scorpion

Illustrated notes

Levels and vault maps discovered:
D:1:      heliophobic_arrival_ceremonial_halls, layout_loops_corners
D:2:      layout_loops_cross, xom_redecorated
D:3:      layout_loops_cross, nicolae_overflow_crystal_walls
D:4:      layout_gridville, zin_academy, temple_fountains, serial_shops, shop,
          portal_sewer_entry_e, hangedman_abyss_or_decor_jellyfish_corner
D:5:      layout_loops_ring, lemuel_crystal_altar, ebering_ghost_sewer_f,
          first_ration, kennysheep_nondescript
D:6:      layout_rooms, nicolae_ossuary_entry_plus, guppyfry_early_elven_hall,
          uniq_crazy_yiuf_cottage
D:7:      layout_layer_cave, gammafunk_temple_overflow_forgotten,
          fedhas_bush_and_centaur_altar
D:8:      kennysheep_seaside_town, layout_cave_pods,
          nicolae_qazlal_general_emergency, serial_shops, shop, uniq_gastronok,
          uniq_joseph, uniq_pikel, uniq_erica
D:9:      layout_long_grid, nicolae_ashenzari_panopticon, corexii_checkpoint_a,
          grunt_livestock, grunt_decor_arrowhead, minmay_statue_bubble
D:10:     layout_loops_ring
D:11:     layout_basic, grunt_lair_entry_orc_guard_hut, hiddenorc1_lemuel,
          serial_shops, shop, portal_ice_cave_entry_pillars_2,
          chequers_arboretum, minivault_23, minmay_beelzebubs_servants
D:12:     layout_roguey
D:13:     layout_loops_ring, skrybe_vaults_entry_preservation
D:14:     layout_rooms, minmay_holes, serial_shops, kennysheep_little_box,
          uniq_josephine
D:15:     hangedman_depths_entry_try_elsewhere_first, layout_cave_pools,
          serial_bayou, serial_bayou_shore_a, serial_bayou_pond_a,
          serial_bayou_pond_b, serial_bayou_ford_a, grunt_ministairs_4,
          minmay_misc_feat_square, uniq_rupert, uniq_agnes, uniq_roxanne
Temple:   minmay_temple_bridge_abc
Lair:1:   layout_regular_city, hellmonk_ghost_happy_afterlife,
          minmay_lair_oklob_chamber
Lair:2:   layout_regular_city, skrybe_swamp_entry_bodies,
          nicolae_volcano_entry_s_turn
Lair:3:   layout_gridlike, grunt_forest_large_clearings, uniq_urug
Lair:4:   layout_regular_city, guppyfry_snake_entry_island, grunt_megastairs_3,
          lemuel_fruit_tree
Lair:5:   layout_big_grid, slime_altar_1
Lair:6:   gammafunk_lair_ancient_temple, layout_regular_city, dpeg_oklob_1,
          serial_bayou_shore_b
Orc:1:    layout_diamond_mine, enter_bailey_2
Orc:2:    grunt_orc_community_town_hall, layout_caves,
          grunt_orc_community_big_house_1, grunt_orc_community_big_house_2,
          grunt_orc_community_house_3, grunt_orc_community_house_2,
          grunt_orc_community_house_1, grunt_orc_community_house_3, basic_altar,
          serial_shops, nicolae_shop_waterfront, uniq_erolcha

Skill      XL: |  1  2  3  4  5  6  7  8  9 10 11 12 13 14 15 |
---------------+----------------------------------------------+-----
Stealth        | 3 4 5 6 8 9 10 | 10.0
Spellcasting   | 4 5 6 7 9 11 12 14 16 17 18 | 18.9
Dodging        | 3 4 5 6 7 8 9 10 | 10.3
Fighting       | 1 2 3 4 5 6 7 8 10 11 | 11.0
Conjurations   | 5 6 7 8 9 |  9.3
Hexes          | 1 3 5 7 9 10 | 10.9
Evocations     | 2 5 6 |  6.9
Fire Magic     | 3 4 |  4.0
Armour         | 1 3 5 |  5.0
Earth Magic    | 1 5 6 |  6.4
Shields        | 2 6 7 |  7.1

Action                   |  1- 3 |  4- 6 |  7- 9 | 10-12 | 13-15 || total
-------------------------+-------+-------+-------+-------+-------++-------
Melee: Short sword       |       |       |       |    13 |       ||    13
       Trident           |       |       |       |     1 |     2 ||     3
Throw: Dart              |       |       |       |     8 |    16 ||    24
 Cast: Magic Dart        |    56 |   218 |   279 |   347 |   609 ||  1509
       Searing Ray       |     2 |    14 |    57 |   126 |   152 ||   351
       Iskenderun's Myst |       |       |     4 |   105 |   275 ||   384
       Inner Flame       |       |       |       |    34 |     5 ||    39
       Fireball          |       |       |       |    24 |   108 ||   132
       Tukima's Dance    |       |       |       |     4 |       ||     4
       Invisibility      |       |       |       |     1 |     2 ||     3
       Bolt of Magma     |       |       |       |       |    10 ||    10
       Fulminant Prism   |       |       |       |       |     3 ||     3
       Cause Fear        |       |       |       |       |     1 ||     1
       Iron Shot         |       |       |       |       |    36 ||    36
       Lee's Rapid Decon |       |       |       |       |    11 ||    11
Evoke: Wand              |       |       |       |     3 |     2 ||     5
  Use: Scroll            |     2 |     1 |    10 |     9 |    31 ||    53
       Potion            |       |       |       |     3 |    12 ||    15
  Eat: Chunk             |     2 |     9 |    11 |    21 |    33 ||    76
       Ration            |       |     1 |     2 |     3 |     5 ||    11
Armor: Robe              |     5 |     7 |     2 |       |       ||    14
       Steam dragon scal |       |       |    10 |    26 |     2 ||    38
       Leather armour    |       |       |       |       |    57 ||    57
Dodge: Dodged            |    14 |    43 |    38 |   189 |   256 ||   540
Block: Buckler           |       |       |    18 |    50 |    22 ||    90
       Kite shield       |       |       |       |       |   143 ||   143
